AoeStats
← jphilkill

Nomad

506657816Analyzed
4v4 RM · 18d ago on Sep 14, 2026· 45m 53s· 8 players
Game mode
Random Map
Map size
231×231
Population
200
Speed
Normal
Resources
Standard
Victory
Conquest
Starting age
Dark Age
Ending age
Imperial Age
RankedLock teamsTeams togetherTeam positionsShared explorationLock speedFull tech treeHidden civsTurbo modeCheats
Victory
Defeat
🇨🇴 Mongols · Colombia
1004
+14
🇱🇹 Britons · Lithuania
995
+15
🇨🇦 Vikings · Canada
969
+16
🇩🇪 Huns · Germany
964
+16
🇨🇳 Dravidians · China
989
-16
🇧🇴 Lithuanians · Bolivia
983
-15
🇮🇳 Burgundians · India
949
-44
🇮🇳 Spanish · India
949
-44
ankitsahoo7815
7:35 Loom
8:24 Horse Collar
10:52 Wheelbarrow
12:17 Double-Bit Axe
15:40 Feudal Age
16:41 Hand Cart
19:38 Bow Saw
19:20 Town Watch
22:28 Gold Mining
23:46 Heavy Plow
24:52 Stone Mining
30:12 Castle Age
28:30 Forging
28:21 Scale Mail Armor
28:27 Scale Barding Armor
28:22 Padded Archer Armor
28:13 Fletching
29:11 Gold Shaft Mining
31:36 Iron Casting
31:17 Chain Mail Armor
31:23 Chain Barding Armor
31:43 Stone Shaft Mining
31:44 Crop Rotation
30:52 Crossbowman
33:35 Two-Man Saw
34:23 Arson
34:39 Squires
34:59 Fishing Lines
38:29 Murder Holes
38:55 Ballistics
38:39 Cavalier
FullestOx956066
13:31 Loom
20:25 Feudal Age
20:53 Horse Collar
21:06 Stone Mining
21:09 Gold Mining
21:06 Double-Bit Axe
22:21 Fishing Lines
26:23 Wheelbarrow
31:51 Castle Age
30:32 Scale Barding Armor
32:11 Forging
32:29 Bloodlines
34:03 Husbandry
39:25 Husbandry
39:56 Chain Barding Armor
40:18 Stone Shaft Mining
41:28 Iron Casting
keinyoung
4:19 Loom
15:37 Feudal Age
18:01 Double-Bit Axe
21:03 Castle Age
19:02 Man-at-Arms
19:37 Gold Mining
20:32 Fletching
21:39 Forging
21:13 Long Swordsman
21:56 Squires
22:06 Stone Mining
22:01 Horse Collar
29:42 Bodkin Arrow
29:49 Padded Archer Armor
31:58 Medical Corps
32:54 Leather Archer Armor
33:13 Elite Skirmisher
35:42 Thumb Ring
Edcastillo
15:37 Feudal Age
18:46 Wheelbarrow
21:31 Castle Age
20:41 Double-Bit Axe
20:40 Horse Collar
21:52 Bloodlines
30:35 Heavy Plow
36:28 Hand Cart
jphilkill
3:44 Loom
16:13 Feudal Age
16:50 Double-Bit Axe
19:08 Wheelbarrow
21:42 Castle Age
21:48 Castle Age
21:31 Wheelbarrow
21:15 Stone Mining
21:16 Gold Mining
23:17 Medium Warships
25:38 Bloodlines
25:29 Husbandry
25:42 Forging
25:38 Scale Barding Armor
25:33 Scale Mail Armor
25:34 Padded Archer Armor
25:25 Fletching
27:15 Gold Shaft Mining
26:21 Horse Collar
29:31 Hand Cart
29:26 Fishing Lines
31:27 Chain Barding Armor
31:23 Chain Mail Armor
33:30 Iron Casting
33:52 Gillnets
36:55 Imperial Age
36:04 Bow Saw
35:57 Heavy Plow
36:36 Marauders
38:05 Conscription
40:16 Plate Barding Armor
40:19 Elite Tarkan
42:35 Blast Furnace
44:40 Leather Archer Armor
44:20 Bodkin Arrow
44:28 Squires
43:48 Pikeman
44:14 Arson
44:53 Ballistics
45:33 Chemistry
44:29 Murder Holes
44:45 Masonry
44:46 Careening
44:46 Clinker Construction
46:12 Bracer
Lancelot_
7:20 Loom
14:27 Feudal Age
15:29 Double-Bit Axe
17:09 Fishing Lines
22:54 Castle Age
21:21 Gold Mining
21:38 Horse Collar
22:24 Stone Mining
24:02 Bow Saw
23:54 Heavy Plow
24:05 Gillnets
27:57 Stone Shaft Mining
31:14 Wheelbarrow
32:13 Hand Cart
36:38 Imperial Age
34:18 Padded Archer Armor
34:09 Fletching
34:55 Nomads
35:16 Leather Archer Armor
35:49 Gold Shaft Mining
35:47 Bodkin Arrow
36:57 Ballistics
37:12 Murder Holes
37:47 Conscription
39:11 Chemistry
37:33 Elite Mangudai
41:53 Forging
42:22 Drill
43:03 Fortified Wall
43:06 Squires
42:52 Arson
42:27 Pikeman
44:08 Iron Casting
43:40 Scale Barding Armor
43:35 Scale Mail Armor
43:36 Bracer
43:39 Caravan
44:09 Coinage
tyco170
3:03 Loom
14:51 Feudal Age
15:17 Double-Bit Axe
15:13 Horse Collar
18:44 Town Watch
21:29 Castle Age
19:22 Fishing Lines
19:54 Gold Mining
20:00 Stone Mining
20:13 Man-at-Arms
20:40 Arson
22:47 Bow Saw
22:40 Heavy Plow
22:12 Light Cavalry
22:56 Scale Mail Armor
23:07 Forging
23:52 Town Patrol
25:23 Gold Shaft Mining
25:14 Long Swordsman
26:15 Gambesons
26:31 Squires
28:13 Iron Casting
28:36 Fletching
34:31 Imperial Age
32:40 Ballistics
32:01 Treadmill Crane
32:33 Masonry
33:08 Chain Mail Armor
33:55 Chieftains
34:40 Two-Handed Swordsman
35:54 Plate Mail Armor
36:24 Blast Furnace
35:58 Conscription
36:00 Champion
46:13 Two-Man Saw
45:45 Crop Rotation
rolkill
11:06 Loom
13:49 Feudal Age
16:32 Double-Bit Axe
20:38 Castle Age
18:49 Gold Mining
19:05 Fishing Lines
19:32 Fletching
20:29 Padded Archer Armor
20:57 Crossbowman
25:04 Bodkin Arrow
30:37 Wheelbarrow
29:50 Town Watch
32:36 Imperial Age
33:50 Ballistics
33:42 Bracer
33:58 Leather Archer Armor
33:06 Arbalester
34:08 Conscription
35:45 Chemistry
45:46 Spies/Treason
Connection lost

Rejoining the realm…

Still unreachable

The connection could not be restored.

Session expired

The server has moved on; the page needs a fresh start.